 Dungeon Crawl Stone Soup version 0.30.1-11-g7821555f0a (webtiles) character file.

Game seed: 11874620200924950346

147 Gumption the Chopper (level 5, -4/47 HPs)
             Began as a Minotaur Berserker on Nov 4, 2023.
             Was a Follower of Trog.
             Slain by Sigmund
             ... wielding a +3 scythe of venom
              (6 damage)
             ... on level 3 of the Dungeon.
             The game lasted 00:10:22 (2169 turns).

Gumption the Chopper (Minotaur Berserker)           Turns: 2169, Time: 00:10:22

Health: -4/47      AC: 11    Str: 30    XL:     5   Next: 8%
Magic:  4/4        EV:  9    Int:  4    God:    Trog [*.....]
Gold:   66         SH:  0    Dex:  9    Spells: 4/4 levels left

rFire   . . .        a - +0 hand axe
rCold   . . .        (no shield)
rNeg    . . .        j - +0 chain mail
rPois   .            (helmet restricted)
rElec   .            k - +0 cloak
rCorr   .            h - +0 pair of gloves
SInv    .            (no boots)
Will    .....        (no amulet) Stlth
                     d - +6 ring of strength
HPRegen 0.27/turn    (no ring)
MPRegen 0.09/turn

%: no passive effects
@: lethally poisoned (-4 -> -23)
A: horns 2, retaliatory headbutt
a: Renounce Religion, Berserk


You were on level 3 of the Dungeon.
You worshipped Trog.
Trog was aware of your devotion.
You visited 1 branch of the dungeon, and saw 3 of its levels.

You collected 66 gold pieces.

Inventory:

Hand Weapons
 a - a +0 hand axe (weapon)
 g - a +0 hand axe
Missiles
 f - 14 stones (quivered)
Armour
 h - a +0 pair of gloves (worn)
 j - a +0 chain mail (worn)
 k - a +0 cloak (worn)
Jewellery
 d - a +6 ring of strength (left hand)
Scrolls
 b - a scroll of teleportation {unknown}
 c - a scroll of identify {unknown}
Potions
 e - a potion of mutation {unknown}
 i - 2 potions of lignification {unknown}


   Skills:
 + Level 4.7 Fighting
 * Level 5.5 Axes
 + Level 3.7 Armour
 - Level 2.1 Dodging


You had 4 spell levels left.
You didn't know any spells.
Your spell library was empty.

Dungeon Overview and Level Annotations

Branches:
Dungeon (3/15)

Altars:

Shops:
D:1 [

Annotations:
D:3 Sigmund


Innate Abilities, Weirdness & Mutations

You have a pair of horns on your head.
You reflexively headbutt those who attack you in melee.


Message History

Sigmund shouts!
Sigmund zaps a wand.
The puff of flame hits you but does no damage.
Sigmund mumbles some strange words.
Sigmund flickers and vanishes!
Deactivating autopickup; reactivate with Ctrl-A.
Your skin crawls.
You feel strong-willed.
You can no longer call upon Trog for regeneration and willpower.
Something hits you.
You are poisoned.
You hit something but do no damage. Your headbutt misses something.
You feel very sick.
You hit something but do no damage. Your headbutt misses something.
You feel the effects of Trog's Hand fading.
You feel sick. Something hits you but does no damage.
You are more poisoned.
You hit something but do no damage. Your headbutt misses something.
You feel very sick. Something hits you but does no damage.
You are more poisoned.
You hit something.
You feel very sick.
You closely miss something.
You feel very sick. Something hits you!
You are more poisoned.
You closely miss something. You headbutt something.
You feel very sick. Something hits you.
You are lethally poisoned!
You barely miss something.
Your skin stops crawling.
You feel less strong-willed.
* * * LOW HITPOINT WARNING * * *
You feel extremely sick.
You hit something.
* * * LOW HITPOINT WARNING * * *
You feel very sick. Something hits you.
You die...

#.## ###...
#..... #.....
####[##...#.###
#.............#
....#
#......####.# ...
...#
#.#.#..@....# ..#
#..#
#.#....###### ..#
#..# #.###..# ..#
#..###.###..# #.#
#...........#
#.####.###.###.##
#..........###.#
...............#
#.##+#.###.#####


There were no monsters in sight!

Vanquished Creatures
  7 gnolls (D:2)
  4 adders (D:2)
  2 worms (D:2)
  An endoplasm (D:1)
  4 giant cockroaches
  7 goblins
  5 hobgoblins
  2 quokkas (D:1)
  5 ball pythons
  3 bats
  A frilled lizard (D:1)
  A kobold (D:1)
  2 rats (D:1)
44 creatures vanquished.

Notes
Turn   | Place    | Note
-------+----------+-------------------------------------------
     0 | D:1      | Gumption the Minotaur Berserker began the quest for the
                  | Orb.
     0 | D:1      | Reached XP level 1. HP: 19/19 MP: 0/0
     2 | D:1      | Found Byiluf's Armour Shoppe.
   294 | D:1      | Reached skill level 4 in Axes
   294 | D:1      | Reached XP level 2. HP: 26/27 MP: 1/1
  1082 | D:2      | Reached XP level 3. HP: 32/33 MP: 2/2
  1102 | D:2      | Reached ** piety under Trog
  1296 | D:2      | Reached XP level 4. HP: 41/41 MP: 3/3
  1300 | D:2      | Reached skill level 5 in Axes
  1492 | D:2      | Reached XP level 5. HP: 45/47 MP: 4/4
  2157 | D:3      | Noticed Sigmund
  2169 | D:3      | HP: 2/47 [poisoned by Sigmund]
  2169 | D:3      | Slain by Sigmund

Illustrated notes

Levels and vault maps discovered:
D:1:      scummos_arrival_simple_fountains, layout_rooms, serial_corexii_hall,
          chequers_hall_statues_wall_a, chequers_hall_statues_wall_a,
          chequers_hall_statues_corner_a, corexii_hall_statues_i, serial_shops,
          shop, minmay_tetromino_i4
D:2:      layout_basic, nrook_mini_backslash
D:3:      layout_basic, nicolae_overflow_hidden_temple, uniq_sigmund

Skill      XL: |  1  2  3  4 |
---------------+-------------+-----
Axes           | 4 5 |  5.5
Fighting       | 4 |  4.7
Armour         | 3 |  3.7
Dodging        | |  2.1

Action                     |  1- 3 |  4- 6 || total
---------------------------+-------+-------++-------
  Melee: Hand axe          |    84 |    32 ||   116
         Headbutt          |     7 |     7 ||    14
         Punch             |     1 |     1 ||     2
 Invoke: Trog's Hand       |       |     2 ||     2
 Armour: Animal skin       |     4 |       ||     4
         Ring mail         |    12 |     2 ||    14
         Chain mail        |       |     3 ||     3
  Dodge: Dodged            |    46 |    15 ||    61
